 Dungeon Crawl Stone Soup version 0.30-a0-305-g026cb31310 (webtiles) character file.

Game seed: 4416883966036740581

99 LnG the Sneak (level 5, -1/28 HPs)
             Began as a Kobold Summoner on Oct 21, 2022.
             Slain by an ogre
             ... wielding a +0 giant club
              (18 damage)
             ... on level 3 of the Dungeon.
             The game lasted 00:12:50 (2741 turns).

LnG the Sneak (Kobold Summoner)                     Turns: 2741, Time: 00:12:51

Health: -1/28      AC:  6    Str:  5    XL:     5   Next: 2%
Magic:  5/8        EV: 15    Int: 24    God:
Gold:   98         SH:  0    Dex: 16    Spells: 2/8 levels left

rFire   . . .      SeeInvis .    f - +3 dagger
rCold   . . .      Faith    .    (no shield)
rNeg    . . .      Spirit   .    a - +0 robe
rPois   .          Reflect  .    (no helmet)
rElec   .          Harm     .    (no cloak)
rCorr   .          Rampage  .    (no gloves)
Will    .....                    (no boots)
Stlth   ++++......               (no amulet)
HPRegen 0.24/turn                c - +4 ring of protection
MPRegen 0.11/turn                j - +6 ring of intelligence

@: no status effects
A: small, no large weapons, nightstalker 3
a: no special abilities


You were on level 3 of the Dungeon.
You visited 1 branch of the dungeon, and saw 5 of its levels.

You collected 98 gold pieces.

Inventory:

Hand Weapons
 f - a +3 dagger (weapon)
Armour
 a - a +0 robe (worn)
Jewellery
 c - a +4 ring of protection (left hand)
 j - a +6 ring of intelligence (right hand)
Wands
 r - a wand of flame (8)
Scrolls
 d - a scroll of blinking
 g - a scroll of fog
 k - a scroll of fear
 o - a scroll of teleportation {unknown}
 s - a scroll of poison {unknown}
 t - a scroll of magic mapping {unknown}
Potions
 b - 2 potions of haste {unknown}
 e - a potion of degeneration {unknown}
 h - 3 potions of brilliance {unknown}
 i - a potion of flight {unknown}
 l - a potion of ambrosia {unknown}
 m - 5 potions of curing {unknown}
 n - a potion of might {unknown}
 p - 2 potions of attraction {unknown}
 q - a potion of invisibility {unknown}


   Skills:
 + Level 0.3 Fighting
 + Level 1.5 Short Blades
 + Level 2.9 Dodging
 * Level 4.8 Stealth
 + Level 2.4 Spellcasting
 + Level 4.5 Summonings


You had 2 spell levels left.
You knew the following spells:

 Your Spells              Type           Power      Damage    Failure   Level
a - Summon Small Mammal   Summ           96%        N/A       1%          1
b - Call Imp              Summ           24%        N/A       2%          2
c - Call Canine Familiar  Summ           24%        N/A       5%          3

Your spell library contained the following spells:

 Spells                   Type           Power      Damage    Failure   Level
 Blink                    Tloc           4%         N/A       17%         2
 Cigotuvi's Dreadful Rot  Necr/Pois/Air  4%         N/A       17%         2
 Momentum Strike          Conj/Tloc      4%         3d8       17%         2
 Summon Guardian Golem    Hex/Summ       13%        N/A       14%         3
 Lesser Beckoning         Tloc           4%         N/A       34%         3
 Summon Lightning Spire   Summ/Air       13%        N/A       41%         4
 Airstrike                Air            1%         2d(1-17)  75%         4
 Dispel Undead            Necr           2%         3d7       75%         4
 Lightning Bolt           Conj/Air       1%         1d12      97%         5
 Death Channel            Necr           1%         N/A       100%        6


Dungeon Overview and Level Annotations

Branches:
Dungeon (5/15)
 Temple: D:4-7

Altars:
Uskayaw


Innate Abilities, Weirdness & Mutations

You are small and have problems with some larger weapons.
You are completely attuned to the shadows.


Message History

You kill the adder!
You have reached level 5!
You feel agile.
Okay, then.
Okay, then.
Found a dagger.
You see here an adder corpse.
You open the door.
There is an open door here.
There is an open door here.
Found a leather armour.
h - 3 purple potions (gained 1)
Found a stone staircase leading down.
There is a stone staircase leading down here.
There is an open door here.
You see here a +0 robe.
You see here a scroll of noise.
t - a scroll labelled LIMASI VATOI Done exploring.
You open the door.
There is an open door here.
There is an open door here.
There is a stone staircase leading down here.
You climb downwards.
There is a stone staircase leading up here.
A black bear comes into view.
Found a stone staircase leading up.
The ogre shouts!
You hear a shout!
There is a stone staircase leading up here.
The ogre barely misses you.
You climb upwards.
There is a stone staircase leading down here.
Casting: Call Canine Familiar (quite dangerous; 5% risk of failure)
Confirm with . or Enter, or press ? or * to list all spells.
The spell is quite dangerous to miscast (5% risk of failure)!
Continue anyway?
The ogre attacks as you move away! The ogre hits you with a +0 giant club!
You hit the ogre but do no damage.
The ogre hits you with a +0 giant club!!
Ouch! That really hurt!
You die...

##################.########.
#..................)<.......
#...........................
#.............).............
#...........................
#....#######+###+###########
#....#......h..............#
#....#..##h#####'########..#
#....#..#.O@.....†......#..#
#....'..#...............#..#
#....#..#....._.........#..#
####....#..#....)..........#..#
#.......#..#...............#..#
#.##....#..#...[...........#..#
#..........#...............#..#
#..###.###.#...........<...#..#
#..#.....#.#...............#..#


You could see an ogre (ally target) and a friendly hound (summoned).

Vanquished Creatures
  2 adders
  2 orcs (D:3)
  6 endoplasms
  2 goblins (D:1)
  4 hobgoblins
  6 kobolds
  4 quokkas
  2 ball pythons
  3 bats
  4 frilled lizards (D:1)
  A rat (D:1)
36 creatures vanquished.

Vanquished Creatures (collateral kills)
  Terence (D:2)
  A gnoll (D:3)
  A ball python (D:1)
  A hobgoblin (D:1)
  A kobold (D:2)
5 creatures vanquished.

Grand Total: 41 creatures vanquished

Notes
Turn   | Place    | Note
-------+----------+-------------------------------------------
     0 | D:1      | LnG the Kobold Summoner began the quest for the Orb.
     0 | D:1      | Reached XP level 1. HP: 10/10 MP: 3/3
   259 | D:1      | Reached XP level 2. HP: 15/15 MP: 5/5
   265 | D:1      | Learned a level 2 spell: Call Imp
   925 | D:2      | Reached XP level 3. HP: 16/19 MP: 3/6
  1221 | D:2      | Learned a level 3 spell: Call Canine Familiar
  1403 | D:2      | Noticed Terence
  1434 | D:2      | Killed Terence
  1435 | D:2      | Reached skill level 1 in Short Blades
  1435 | D:2      | Reached XP level 4. HP: 24/24 MP: 1/7
  2366 | D:3      | You fall into a shaft and drop 2 floors!
  2366 | D:5      | Entered Level 5 of the Dungeon
  2513 | D:3      | Found a hide-covered altar of Uskayaw.
  2515 | D:3      | Reached XP level 5. HP: 28/28 MP: 8/8
  2732 | D:4      | Noticed an ogre
  2734 | D:4      | Noticed a black bear
  2741 | D:3      | Slain by an ogre

Illustrated notes

Levels and vault maps discovered:
D:1:      beargit_arrival_diablo_church, layout_loops_ring,
          chequers_serial_rivers_micro_b
D:2:      layout_basic, glass_columns_a, uniq_terence
D:3:      layout_basic, overflow_temple_1_default,
          nicolae_overflow_hidden_temple, st_stairs_3
D:4:      layout_basic, lemuel_flame_loot_1, uniq_duvessa, uniq_blork_the_orc
D:5:      layout_cave_pools, mainiacjoe_overflow_catwalk

Skill      XL: |  1  2  3 |
---------------+----------+-----
Stealth        | 3 4 |  4.8
Short Blades   | 1 |  1.5
Fighting       | |  0.3
Dodging        | |  2.9
Spellcasting   | |  2.4
Summonings     | |  4.5

Action                   |  1- 3 |  4- 6 || total
-------------------------+-------+-------++-------
Melee: Unarmed           |     7 |       ||     7
       Dagger            |    71 |    26 ||    97
       Punch             |     1 |       ||     1
 Cast: Summon Small Mamm |     5 |       ||     5
       Call Imp          |     5 |       ||     5
       Call Canine Famil |     2 |     2 ||     4
  Use: Potion            |     3 |       ||     3
       Scroll            |     1 |     3 ||     4
 Stab: Sleeping          |    12 |     7 ||    19
Armor: Robe              |    13 |     2 ||    15
Dodge: Dodged            |    71 |    16 ||    87

Table legend: (Time is in decaauts)
 A = Elapsed time spent in this place.
 B = Non-inter-level travel time spent in this place.
 C = Inter-level travel time spent in this place.
 D = Time resting spent in this place.
 E = Time spent auto-exploring this place.
 F = Levels seen in this place.
 G = Mean time per level.
                   A        B        C        D        E       F      G
               +--------+--------+--------+--------+--------+-----+--------+
         Total |   2736 |   2540 |    196 |    233 |   1372 |   5 |  547.2 |
       Dungeon |   2736 |   2540 |    196 |    233 |   1372 |   5 |  547.2 |
               +--------+--------+--------+--------+--------+-----+--------+

Top non-repeatable levels by time:
     D:1: 893 daAuts
     D:3: 874 daAuts
     D:2: 830 daAuts
     D:4: 112 daAuts
     D:5: 25 daAuts
